AoeStats
← bullseyes

Nomad

505867670Analyzed
4v4 RM · 22d ago on Sep 11, 2026· 45m 54s· 8 players
Game mode
Random Map
Map size
231×231
Population
200
Speed
Normal
Resources
Standard
Victory
Conquest
Starting age
Dark Age
Ending age
Imperial Age
RankedLock teamsTeams togetherTeam positionsShared explorationLock speedFull tech treeHidden civsTurbo modeCheats
Victory
Defeat
🇨🇳 Inca · China
1898
+6
🇨🇳 Romans · China
1683
+14
🇨🇳 Franks · China
1665
+14
🇨🇳 Maya · China
1590
+17
🇲🇽 Lithuanians · Mexico
1707
-16
🇩🇪 Japanese · Germany
1641
-13
🇧🇪 Armenians · Belgium
1592
-11
🇨🇳 Saracens · China
1586
-11
摸鱼种田
10:58 Loom
14:09 Feudal Age
17:49 Castle Age
16:08 Double-Bit Axe
17:21 Fishing Lines
18:43 Medium Warships
19:56 Clinker Construction
20:00 Careening
20:48 Bow Saw
21:16 Wheelbarrow
24:38 Gillnets
25:38 Town Watch
28:32 Gold Mining
28:33 Stone Mining
32:51 Imperial Age
32:12 Scale Barding Armor
32:18 Forging
32:48 Gold Shaft Mining
33:15 Chain Barding Armor
33:30 Husbandry
33:12 Cavalier
34:56 Iron Casting
35:44 Plate Barding Armor
37:27 Blast Furnace
38:36 Paladin
43:41 Chivalry
44:02 Conscription
骑人机的骑士
4:41 Loom
13:51 Feudal Age
18:08 Castle Age
16:51 Double-Bit Axe
19:20 Gold Mining
19:21 Stone Mining
22:55 Padded Archer Armor
35:46 Bow Saw
36:01 Leather Archer Armor
35:36 Fletching
35:39 Horse Collar
39:02 Fortified Wall
43:17 Imperial Age
43:43 Imperial Age
42:27 Wheelbarrow
45:28 Imperial Age
45:01 Wheelbarrow
46:47 Stone Shaft Mining
邪恶菜菜虎
4:28 Loom
13:46 Feudal Age
14:24 Town Watch
17:44 Castle Age
15:32 Fishing Lines
15:59 Double-Bit Axe
16:32 Gold Mining
20:26 Wheelbarrow
23:11 Bow Saw
29:44 Stone Mining
30:57 Ballistics
34:18 Imperial Age
33:28 Hand Cart
34:00 Ballistas
34:04 Fletching
34:54 Gold Shaft Mining
36:13 Bodkin Arrow
36:47 Heavy Scorpion
39:07 Chemistry
40:40 Conscription
42:04 Siege Engineers
42:01 Capped Ram
44:16 Siege Ram
OX
9:42 Loom
13:48 Feudal Age
14:53 Town Watch
17:57 Castle Age
16:37 Double-Bit Axe
20:28 Bow Saw
33:44 Gold Mining
34:26 Scale Mail Armor
34:07 Champi Runner
34:52 Horse Collar
35:01 Champi Warrior
36:36 Chain Mail Armor
36:41 Squires
38:15 Wheelbarrow
38:23 Heavy Plow
40:11 Stone Mining
40:56 Gold Shaft Mining
43:18 Imperial Age
41:23 Medium Warships
42:47 Gold Shaft Mining
42:03 Stone Mining
43:37 Hand Cart
43:21 Fletching
46:06 Imperial Age
44:16 Bodkin Arrow
45:21 Clinker Construction
45:28 Forging
46:11 Ballistics
|Thepejezombie
6:56 Loom
12:30 Feudal Age
13:27 Town Watch
16:31 Castle Age
14:41 Double-Bit Axe
17:26 Bow Saw
33:41 Imperial Age
32:13 Wheelbarrow
31:20 Horse Collar
33:08 Forging
35:03 Scale Barding Armor
35:34 Iron Casting
36:50 Chain Barding Armor
ty
4:29 Loom
13:18 Feudal Age
14:04 Double-Bit Axe
20:33 Castle Age
19:48 Fletching
33:18 Bow Saw
Willox
4:36 Loom
5:02 Loom
13:01 Feudal Age
16:57 Castle Age
15:45 Double-Bit Axe
15:52 Horse Collar
16:17 Fishing Lines
16:54 Gold Mining
18:26 Fletching
21:18 Bloodlines
22:41 Gold Shaft Mining
23:03 Bow Saw
23:23 Bodkin Arrow
25:36 Padded Archer Armor
26:26 Horse Collar
28:57 Wheelbarrow
35:35 Imperial Age
34:39 Scale Mail Armor
34:50 Forging
37:18 Bracer
38:11 Conscription
40:26 Leather Archer Armor
41:16 Chemistry
41:17 Ballistics
41:38 Parthian Tactics
42:27 Chain Mail Armor
42:56 Kataparuto
42:34 Capped Ram
bullseyes
13:35 Feudal Age
14:09 Double-Bit Axe
14:17 Gold Mining
16:10 Loom
16:47 Fletching
18:10 Fishing Lines
23:12 Castle Age
24:26 Bow Saw
24:53 Gold Shaft Mining
24:09 Stone Mining
24:32 Medium Warships
24:13 Gillnets
25:50 Careening
27:37 Clinker Construction
28:08 Ballistics
29:12 Bodkin Arrow
31:56 Horse Collar
33:21 Wheelbarrow
34:00 Heavy Plow
35:13 Hand Cart
35:17 Cilician Fleet
38:46 Imperial Age
37:25 Padded Archer Armor
37:26 Scale Mail Armor
38:32 Squires
37:52 Pikeman
39:33 Bracer
39:19 Halberdier
40:18 Chain Mail Armor
42:27 Plate Mail Armor
43:58 Conscription
Connection lost

Rejoining the realm…

Still unreachable

The connection could not be restored.

Session expired

The server has moved on; the page needs a fresh start.